 Dungeon Crawl Stone Soup version 0.17-a0-105-g8f3376a (console) character file.

25917 MrRokkomies the Nimble (level 12, -13/97 HPs)
             Began as a Vampire Enchanter on Mar 17, 2015.
             Was a High Priest of Dithmenos.
             Mangled by a death yak (22 damage)
             ... on level 4 of the Lair of Beasts on Mar 18, 2015.
             The game lasted 01:20:39 (16652 turns).

MrRokkomies the Nimble (Vampire Enchanter)         Turns: 16652, Time: 01:20:39

Health: -13/97     AC: 13    Str:  7    XL:     12   Next: 93%
Magic:  3/25       EV: 16    Int: 21    God:    Dithmenos [*****.]
Gold:   827        SH:  0    Dex: 18    Spells: 7 memorised, 3 levels left

rFire  + . .     SeeInvis +     a - +1 dagger (venom)
rCold  . . .     Clarity  .     x - +5 ring mail of Veubuxorph {rCorr}
rNeg   + + .     SustAb   .     (no shield)
rPois  .         Gourm    .     c - +0 hat {MR+}
rElec  +         Spirit   .     m - +1 cloak "Tibuhuo" {rElec rN+ rCorr}
rCorr  +         Warding  .     (no gloves)
rMut   +         Stasis   .     C - +0 pair of boots
MR     ++...                    i - amulet of resist mutation
Stlth  +++++++...               N - +4 ring of dexterity
                                r - ring of protection from fire

@: sluggish, hasted, wreathed by umbra, repel missiles, very resistant to
hostile enchantments, extremely stealthy
A: bottle blood, fangs 3, see invisible, unbreathing
a: Bat Form, Shadow Step, Shadow Form, Renounce Religion


You were on level 4 of the Lair of Beasts.
You worshipped Dithmenos.
Dithmenos was extremely pleased with you.
You were not thirsty.

You visited 2 branches of the dungeon, and saw 16 of its levels.

You collected 827 gold pieces.

Inventory:

Hand weapons
 a - a +1 dagger of venom (weapon)
 k - a +1 antimagic dagger
 J - a +2 dagger of speed
 L - a +0 blowgun
 W - a +0 triple sword of slicing
Missiles
 o - 61 poisoned needles
 t - 2 throwing nets
 A - 19 tomahawks
 D - 2 javelins (quivered)
Armour
 c - a +0 hat of magic resistance (worn)
 g - a +1 leather armour of fire resistance
 m - the +1 cloak "Tibuhuo" (worn) {rElec rN+ rCorr}
   (You found it on level 4 of the Dungeon)

   It insulates you from electricity.
   It protects you from negative energy.
   It protects you from acid and corrosion.
 p - a +1 helmet
 q - a +0 robe
 s - a +2 robe of fire resistance
 x - the +5 ring mail of Veubuxorph (worn) {rCorr}
   (You found it on level 6 of the Dungeon)

   It protects you from acid and corrosion.
 B - a +1 leather armour of cold resistance
 C - a +0 pair of boots (worn)
 P - the +0 scale mail of the Hall of Blades {rElec rC+ rN+ MR+ Dex+4, unknown}
   (You found it on level 9 of the Dungeon)

   It affects your dexterity (+4).
   It protects you from cold.
   It insulates you from electricity.
   It protects you from negative energy.
   It affects your resistance to hostile enchantments.
Magical staves
 d - an uncursed staff of wizardry {unknown}
Jewellery
 i - an amulet of resist mutation (around neck)
 r - a ring of protection from fire (left hand)
 M - an uncursed ring of protection from magic
 N - a +4 ring of dexterity (right hand)
 O - an uncursed ring of flight
 R - an uncursed ring of ice
 Y - an uncursed ring of teleport control
Magical devices
 h - a wand of invisibility (1)
 n - a wand of cold (6)
 w - a wand of cold (8)
 F - a wand of hasting (8)
 H - a wand of polymorph (12)
 K - a wand of draining (5)
Scrolls
 y - 2 scrolls of magic mapping
 z - 3 scrolls of teleportation
 E - 2 scrolls of amnesia
 Q - a scroll of blinking
 U - a scroll of enchant weapon
Potions
 e - 3 potions of magic
 f - 3 potions of agility
 j - a potion of haste
 l - a potion of resistance
 u - a potion of heal wounds {unknown}
 v - 6 potions of brilliance
 G - a potion of cure mutation {unknown}
 I - 3 potions of curing
 S - 3 potions of restore abilities
 T - a potion of beneficial mutation {unknown}
 V - a potion of might {unknown}
 X - a potion of invisibility {unknown}
Books
 b - a book of Debilitation

   Spells                             Type                      Level
   a - Corona                         Hexes                        1
   b - Slow                           Hexes                        2
   c - Inner Flame                    Hexes/Fire                   3
   d - Enslavement                    Hexes                        4
   e - Cause Fear                     Hexes                        4
   f - Leda's Liquefaction            Hexes/Earth                  4


   Skills:
 - Level 10.0 Fighting
 - Level 10.0 Short Blades
 * Level 2.8 Armour
 - Level 11.0 Dodging
 - Level 10.0 Stealth
 * Level 6.1 Spellcasting
 - Level 10.0 Hexes
 - Level 6.0 Charms
 - Level 6.0 Air Magic


You had 3 spell levels left.
You knew the following spells:

 Your Spells              Type           Power        Failure   Level  Hunger
a - Repel Missiles        Chrm/Air       ####..       4%          2    None
b - Ensorcelled Hibernat  Hex/Ice        ####..       8%          2    None
c - Confuse               Hex            #####...     1%          3    ##.....
d - Enslavement           Hex            #####...     6%          4    ####...
e - Swiftness             Chrm/Air       ####....     4%          2    None
f - Cause Fear            Hex            #####.....   6%          4    ####...
g - Dazzling Spray        Conj/Hex       ####....     12%         3    ##.....


Dungeon Overview and Level Annotations

Branches:
Dungeon (11/15)            Temple (0/1) D:6            Lair (5/8) D:10
    Orc (0/4) D:10
  Swamp: Lair:3-6    Shoals: Lair:3-6     Snake: Lair:3-6    Spider: Lair:3-6

Altars:
Cheibriados
Dithmenos
Fedhas
Kikubaaqudgha
Okawaru
Trog
Yredelemnul
The Shining One

Annotations:
D:8 Grim's ghost, experienced OpMo


Innate Abilities, Weirdness & Mutations

You can bottle blood from corpses.
You have razor-sharp teeth.
You have supernaturally acute eyesight.
You can survive without breathing.


Message History

Unknown command.
Casting: Dazzling Spray
Confirm with . or Enter, or press ? or * to list all spells.
You feel quick. The death yak gores you!!
* * * LOW HITPOINT WARNING * * *
You start to feel a little slower.
You feel sluggish.
You start to feel a little faster.
Drink which item? (? for menu, Esc to quit)
Okay, then.
Unknown command.
Evoke which item? (* to show all) (? for menu, Esc to quit)
That item cannot be evoked!
Evoke which item? (* to show all) (? for menu, Esc to quit)
Okay, then.
Unknown command.
Unknown command.
Drink which item? (? for menu, Esc to quit)
You feel yourself speed up. The death yak gores you!!
You die...

.................................
.####.......+.#P......#...##.#...
.####....###.###.....#########...
...#P....##P..#.#....# ###...
...#.P...###..##....## #####P#...
...##....#....##....# ##.........
...P#....##..#####..# #..........
...##....#####.⌠.Y..###...###....
#.#........##...@....###.## #....
...#......##.⌠.>.⌠..P# #.## #....
............#.....#.## #.P# ##...
............##...##.####.####P...
..........(.#.#+#.#..............
...÷......##.......#.............
......#.###..........##..........
.......##.....#.##....##........#
÷......#..#..#...##.....#.......#


You could see a death yak.

Vanquished Creatures
  Rupert (Lair:3)
  Gastronok (Lair:1)
  A hydra (Lair:3)
  Nergalle (Lair:3)
  2 hill giants (D:10)
  Pikel (D:6)
  6 black mambas
  A torpor snail (Lair:4)
  3 spiny frogs
  4 komodo dragons
  A queen ant (Lair:1)
  3 fire drakes
  24 yaks
  5 blink frogs (Lair:2)
  Prince Ribbit (D:4)
  A basilisk (Lair:3)
  8 crocodiles
  The ghost of Rotinaj the Covered, an average DDFi of Nemelex Xobeh (D:3)
  Eustachio (D:7)
  A hungry ghost (D:8)
  2 hippogriffs
  A deep elf mage (D:8)
  Edmund (D:7)
  Menkaure (D:6)
  16 soldier ants (Lair:1)
  6 water moccasins
  4 sky beasts
  2 slaves (D:6)
  5 porcupines
  2 orc warriors
  An ice beast (D:8)
  2 centaurs
  2 black bears
  A boring beetle (Lair:4)
  5 ogres
  Duvessa (D:7)
  2 big kobolds (D:9)
  A wyvern zombie (D:9)
  13 giant frogs
  A gnoll sergeant (D:9)
  Blork the orc (D:6)
  4 killer bees (D:6)
  4 scorpions
  5 wights (D:10)
  A crimson imp (D:6)
  8 jellies
  2 quasits (D:9)
  Dowan (D:7)
  7 hounds
  An orc priest (D:7)
  6 orc wizards
  15 iguanas
  24 worker ants
  2 hound skeletons
  16 river rats (Lair:5)
  17 adders
  9 gnolls
  2 giant mites (D:9)
  3 shadow imps
  5 worms
  An adder skeleton (D:9)
  3 giant geckos
  2 oozes
  24 orcs
  A bat skeleton (D:6)
  17 hobgoblins
  5 jackals
  27 kobolds
  12 quokkas
  A ball python (D:1)
  12 bats
  6 giant cockroaches
  2 giant newts
  2 giant spores
  12 goblins
  3 quokka skeletons
  11 rats
  A ballistomycete (D:6)
411 creatures vanquished.

Vanquished Creatures (collateral kills)
  A spiny frog (Lair:1)
  5 yaks
  2 soldier ants (Lair:1)
  A phantom (D:10)
  A centaur (D:10)
  2 jellies (D:10)
  A hound skeleton (D:10)
  3 orcs (D:9)
  A bat (D:7)
  A quokka (Lair:1)
18 creatures vanquished.

Vanquished Creatures (others)
  2 yaks
  2 soldier ants (Lair:1)
  A wight (D:11)
  An orc priest (D:8)
  A fungus (Lair:5)
7 creatures vanquished.

Grand Total: 436 creatures vanquished

Notes
Turn   | Place    | Note
--------------------------------------------------------------
     0 | D:1      | MrRokkomies, the Vampire Enchanter, began the quest for the Orb.
     0 | D:1      | Reached XP level 1. HP: 13/13 MP: 3/3
    86 | D:1      | Reached XP level 2. HP: 16/19 MP: 4/4
    90 | D:1      | Learned a level 2 spell: Ensorcelled Hibernation
   175 | D:1      | Reached skill level 5 in Hexes
   476 | D:1      | Reached XP level 3. HP: 17/24 MP: 6/6
  1063 | D:2      | Learned a level 3 spell: Confuse
  1088 | D:2      | Found a bloodstained altar of Trog.
  1245 | D:2      | Reached XP level 4. HP: 30/30 MP: 4/7
  1403 | D:2      | Reached skill level 6 in Hexes
  1500 | D:2      | Found a basalt altar of Yredelemnul.
  1711 | D:3      | Found a shadowy altar of Dithmenos.
  1713 | D:3      | Noticed Rotinaj's ghost (average DDFi)
  1751 | D:3      | Killed Rotinaj's ghost
  1751 | D:3      | Reached skill level 7 in Hexes
  1751 | D:3      | Reached XP level 5. HP: 12/35 MP: 0/9
  1845 | D:3      | Became a worshipper of Dithmenos the Shadowed
  2033 | D:3      | Reached XP level 6. HP: 35/41 MP: 8/10
  2063 | D:3      | Found a snail-covered altar of Cheibriados.
  2097 | D:3      | Reached skill level 5 in Short Blades
  2154 | D:3      | Noticed a black bear
  2170 | D:3      | Killed a black bear
  2170 | D:3      | Reached skill level 8 in Hexes
  2510 | D:4      | Reached XP level 7. HP: 46/46 MP: 7/12
  2605 | D:4      | Reached skill level 9 in Hexes
  2923 | D:4      | Got a jewelled cloak
  2929 | D:4      | Identified the +1 cloak "Tibuhuo" {rElec rN+ rCorr} (You found it on level 4 of the Dungeon)
  2975 | D:4      | Noticed Prince Ribbit
  2977 | D:4      | Killed Prince Ribbit
  3103 | D:5      | Entered Level 5 of the Dungeon
  3137 | D:5      | Reached skill level 10 in Hexes
  3186 | D:5      | Acquired Dithmenos' first power
  3280 | D:5      | Reached skill level 5 in Stealth
  3280 | D:5      | Reached XP level 8. HP: 33/52 MP: 10/13
  3615 | D:6      | Learned a level 4 spell: Enslavement
  3627 | D:6      | Noticed Blork the orc
  3693 | D:6      | Noticed Pikel
  3706 | D:6      | Killed Pikel
  3714 | D:6      | Killed Blork the orc
  3729 | D:6      | Noticed Menkaure
  3749 | D:6      | Killed Menkaure
  3865 | D:6      | Found a glowing golden altar of the Shining One.
  3892 | D:6      | Found a staircase to the Ecumenical Temple.
  3903 | D:6      | Found an iron altar of Okawaru.
  3904 | D:6      | Reached XP level 9. HP: 57/57 MP: 14/14
  4271 | D:6      | Got a bloodstained ring mail
  4661 | D:7      | Acquired Dithmenos' second power
  4661 | D:7      | Reached skill level 10 in Short Blades
  4661 | D:7      | Reached skill level 5 in Dodging
  4694 | D:7      | Noticed Edmund
  4721 | D:7      | Killed Edmund
  4721 | D:7      | Reached skill level 1 in Fighting
  4775 | D:7      | Noticed Duvessa
  4775 | D:7      | Noticed Dowan
  4787 | D:7      | Killed Dowan
  4828 | D:7      | Killed Duvessa
  4908 | D:7      | You fall through a shaft!
  4916 | D:8      | Noticed Grim's ghost (experienced OpMo)
  5234 | D:7      | Noticed Eustachio
  5242 | D:7      | Killed Eustachio
  5403 | D:7      | Found a bloodstained altar of Trog.
  5524 | D:8      | Found a blossoming altar of Fedhas.
  5585 | D:8      | Identified Twoekk's Almanac of Boosting Feathers
  5594 | D:8      | Learned a level 2 spell: Repel Missiles
  5836 | D:8      | Acquired Dithmenos' third power
  5836 | D:8      | Reached XP level 10. HP: 67/71 MP: 16/16
  6764 | D:9      | Got a slimy scale mail
  6921 | D:9      | Found an ancient bone altar of Kikubaaqudgha.
  6991 | D:10     | Entered Level 10 of the Dungeon
  6993 | D:10     | Noticed a hill giant
  7111 | D:10     | Reached skill level 5 in Fighting
  7240 | D:10     | Found a staircase to the Lair.
  7241 | D:10     | Noticed a hill giant
  7391 | D:10     | Killed a hill giant
  7612 | D:10     | Found a staircase to the Orcish Mines.
  8022 | D:11     | Noticed a white ugly thing
  8109 | Lair:1   | Entered Level 1 of the Lair of Beasts
  8756 | Lair:1   | Learned a level 2 spell: Swiftness
  8791 | Lair:1   | Noticed Gastronok
  9566 | D:10     | Killed a hill giant
  9566 | D:10     | Reached skill level 10 in Dodging
  9566 | D:10     | Reached XP level 11. HP: 69/84 MP: 17/17
  9933 | Lair:1   | Killed Gastronok
 10242 | Lair:1   | Noticed a black mamba
 10510 | Lair:1   | Killed a black mamba
 10855 | Lair:1   | Reached skill level 5 in Spellcasting
 11321 | Lair:1   | Acquired Dithmenos' fourth power
 12035 | Lair:1   | Learned a level 4 spell: Cause Fear
 12039 | Lair:1   | Learned a level 3 spell: Dazzling Spray
 12069 | Lair:2   | Reached skill level 1 in Charms
 12245 | Lair:2   | Reached XP level 12. HP: 77/97 MP: 16/25
 12778 | Lair:2   | Reached skill level 10 in Fighting
 12866 | Lair:3   | Noticed Rupert
 12869 | Lair:3   | Noticed Nergalle
 12870 | Lair:3   | Killed Rupert
 12870 | Lair:3   | Reached skill level 5 in Charms
 12872 | Lair:3   | Killed Nergalle
 13433 | Lair:3   | Noticed a six-headed hydra
 13438 | Lair:3   | Killed a six-headed hydra
 13924 | Lair:4   | Reached skill level 5 in Air Magic
 14062 | Lair:4   | Reached skill level 11 in Dodging
 14445 | Lair:4   | Identified the +5 ring mail of Veubuxorph {rCorr} (You found it on level 6 of the Dungeon)
 14788 | Lair:4   | Reached skill level 1 in Armour
 15126 | Lair:4   | Upgraded the game from 0.17-a0-83-g894156c to 0.17-a0-105-g8f3376a
 16340 | Lair:5   | Reached skill level 10 in Stealth
 16630 | Lair:4   | HP: 4/97 [death yak (18)]
 16652 | Lair:4   | Mangled by a death yak

Action                   |  1- 3 |  4- 6 |  7- 9 | 10-12 || total
-------------------------+-------+-------+-------+-------++-------
Melee: Dagger            |    71 |   104 |   306 |   862 ||  1343
       Short sword       |       |       |       |    45 ||    45
 Fire: Blowgun           |       |       |       |    76 ||    76
Throw: Throwing net      |       |       |     4 |       ||     4
       Tomahawk          |       |       |     3 |       ||     3
       Javelin           |       |       |       |     7 ||     7
 Cast: Ensorcelled Hiber |     1 |    15 |    33 |    43 ||    92
       Confuse           |       |     3 |     8 |    16 ||    27
       Enslavement       |       |       |     5 |    25 ||    30
       Repel Missiles    |       |       |     1 |     1 ||     2
       Dazzling Spray    |       |       |       |    12 ||    12
       Swiftness         |       |       |       |     1 ||     1
Invok: Shadow Step       |       |       |       |     3 ||     3
Evoke: Wand              |       |       |       |     1 ||     1
  Use: Scroll            |       |     8 |     9 |    13 ||    30
       Potion            |       |       |       |     2 ||     2
 Stab: Sleeping          |    11 |    12 |    50 |    72 ||   145
       Distracted        |     1 |       |     2 |    11 ||    14
       Confused          |       |     2 |     2 |     8 ||    12
       Held in net/web   |       |       |     2 |       ||     2
       Invisible         |       |       |       |     1 ||     1
  Eat: Corpse            |       |     3 |     6 |    17 ||    26
